 Dungeon Crawl Stone Soup version 0.24.1 (webtiles) character file.

Game seed: 4323264891246934455, levelgen mode: deterministic

29 Destapler the Ducker (level 3, 0/30 HPs)
             Began as a Ghoul Gladiator on Apr 2, 2020.
             Slain by a jackal (3 damage)
             ... on level 2 of the Dungeon.
             The game lasted 00:01:51 (748 turns).

Destapler the Ducker (Ghoul Gladiator)               Turns: 748, Time: 00:01:52

Health: 0/30       AC:  7    Str: 17    XL:     3   Next: 16%
Magic:  2/2        EV: 11    Int:  3    God:
Gold:   5          SH:  0    Dex: 11    Spells: 2/2 levels left

rFire    . . .     SeeInvis .   a - +0 trident
rCold    + . .     Gourm    .   (no shield)
rNeg     + + +     Faith    .   i - +0 ring mail
rPois    ∞         Spirit   .   c - +0 helmet
rElec    .         Reflect  .   (no cloak)
rCorr    .         Harm     .   h - +0 pair of gloves
MR       .....                  (no boots)
Stlth    +.........             (no amulet)
HPRegen  0.00/turn              (no ring)
MPRegen  0.08/turn              (no ring)

@: rotting
A: rotting body, claws 1, carnivore, cold resistance 1, negative energy
resistance 3, inhibited regeneration, torment resistance, unbreathing
a: no special abilities


You were on level 2 of the Dungeon.
You were not hungry.

You visited 1 branch of the dungeon, and saw 2 of its levels.

You collected 5 gold pieces.

Inventory:

Hand Weapons
 a - a +0 trident (weapon)
Missiles
 d - 3 throwing nets (quivered)
Armour
 b - a +0 leather armour
 c - a +0 helmet (worn)
 h - a +0 pair of gloves (worn)
 i - a +0 ring mail (worn)
Scrolls
 e - a scroll of magic mapping {unknown}
 k - a scroll of identify {unknown}
 l - a scroll of remove curse {unknown}
Potions
 j - 3 potions of curing {unknown}
Comestibles
 f - a ration


   Skills:
 + Level 2.7 Fighting
 - Level 2.6 Polearms
 + Level 2.2 Throwing
 - Level 3.0 Dodging
 + Level 1.4 Stealth


You had 2 spell levels left.
You didn't know any spells.
Your spell library was empty.

Dungeon Overview and Level Annotations

Branches:
Dungeon (2/15)

Altars:


Innate Abilities, Weirdness & Mutations

Your body is rotting away.
You thrive on raw meat.
You are immune to poison.
You have sharp fingernails.
You are carnivorous and can eat meat at any time.
Your flesh is cold resistant. (rC+)
You are immune to negative energy. (rN+++)
You do not regenerate when monsters are visible.
You are immune to unholy pain and torment.
You can survive without breathing.


Message History

The jackal barely misses you. x2
The adder barely misses you. The jackal barely misses you.
The jackal bites you but does no damage.
The jackal barely misses you. The jackal bites you.
* * * LOW HITPOINT WARNING * * *
Found an escape hatch in the floor.
The jackal bites you but does no damage.
The jackal bites you but does no damage. x2
The jackal barely misses you.
Found a murky dark potion.
The jackal bites you but does no damage.
There is an escape hatch in the floor here.
The jackal bites you but does no damage.
You miss the jackal. The jackal bites you.
* * * LOW HITPOINT WARNING * * *
The jackal closely misses you.
You closely miss the jackal. The jackal bites you.
You die...

## .# ## .# ... .### ....
..# ....# #.#
###.#........#
.....##.#####.....#.......
#.#....hh@.##.............
#.!...Sh##.#.............#
##......##.w.............#
##....>##................
#....S...#..............
##................<....#
#....#..............?.#
#....#.##.............#
#....#.##.............#


You could see a worm, an adder and 3 jackals.

Vanquished Creatures
  3 leopard geckos (D:1)
  A ball python (D:1)
  2 bats (D:1)
  A giant cockroach (D:1)
  3 goblins (D:1)
  4 hobgoblins (D:1)
  A jackal (D:2)
  3 kobolds (D:1)
  A frilled lizard (D:1)
  3 rats (D:1)
22 creatures vanquished.

Notes
Turn   | Place    | Note
-------+----------+-------------------------------------------
     0 | D:1      | Destapler the Ghoul Gladiator began the quest for the Orb.
     0 | D:1      | Reached XP level 1. HP: 17/17 MP: 0/0
   319 | D:1      | Reached XP level 2. HP: 23/25 MP: 1/1
   407 | D:1      | Reached skill level 1 in Stealth
   446 | D:1      | Reached skill level 3 in Dodging
   460 | D:1      | Reached XP level 3. HP: 25/30 MP: 2/2
   748 | D:2      | Slain by a jackal

Levels and vault maps discovered:
D:1:      dpeg_arrival_court, layout_basic
D:2:      layout_rooms

Skill      XL: |  1  2 |
---------------+-------+-----
Throwing       | 2 |  2.2
Stealth        | 1 |  1.4
Dodging        | 3 |  3.0
Fighting       | |  2.7
Polearms       | |  2.6

Action                   || total
-------------------------++-------
Melee: Trident           ||    75
  Eat: Chunk             ||     1
Armor: Ring mail         ||    47
       Leather armour    ||     1
Dodge: Dodged            ||    78
